 Dungeon Crawl Stone Soup version 0.27-a0-385-g3208abaabc (webtiles) character file.

Game seed: 16416272982429026525

4 jestyr24 the Conjurer (level 1, -1/14 HPs)
             Began as a Draconian Conjurer on Feb 18, 2021.
             Slain by a kobold
             ... wielding a +0 short sword
              (5 damage)
             ... on level 1 of the Dungeon.
             The game lasted 00:01:37 (180 turns).

jestyr24 the Conjurer (Draconian Conjurer)           Turns: 180, Time: 00:01:39

Health: -1/14      AC:  4    Str:  9    XL:     1   Next: 58%
Magic:  2/3        EV: 12    Int: 18    God:
Gold:   16         SH:  0    Dex:  9    Spells: 3/4 levels left

rFire    . . .     SeeInvis .   a - +0 mace
rCold    . . .     Faith    .   (no shield)
rNeg     . . .     Spirit   .   (armour unavailable)
rPois    .         Reflect  .   (helmet restricted)
rElec    .         Harm     .   (no cloak)
rCorr    .         Rampage  .   (no gloves)
Will     .....                  (no boots)
Stlth    ++........             (no amulet)
HPRegen  0.04/turn              (no ring)
MPRegen  0.08/turn              (no ring)

@: no status effects
A: unfitting armour, cold-blooded, AC +4
a: no special abilities


You were on level 1 of the Dungeon.
You visited 1 branch of the dungeon, and saw 1 of its levels.

You collected 16 gold pieces.

Inventory:

Hand Weapons
 a - a +0 mace (weapon)
Scrolls
 b - a scroll of teleportation {unknown}
 c - a scroll of immolation {unknown}
Potions
 d - 2 potions of flight {unknown}


   Skills:
 * Level 0.1 Fighting
 + Level 1.7 Dodging
 + Level 1.7 Stealth
 + Level 2.0 Spellcasting
 + Level 4.2 Conjurations


You had 3 spell levels left.
You knew the following spells:

 Your Spells              Type           Power        Failure   Level
a - Magic Dart            Conj           68%          3%          1

Your spell library contained the following spells:

 Spells                   Type           Power        Failure   Level
 Searing Ray              Conj           34%          4%          2
 Dazzling Flash           Conj/Hex       18%          22%         3
 Fulminant Prism          Conj/Hex       4%           58%         4
 Iskenderun's Mystic Bla  Conj/Tloc      9%           58%         4


Dungeon Overview and Level Annotations

Branches:
Dungeon (1/15)

Altars:


Innate Abilities, Weirdness & Mutations

Your plain brown scales are hard. (AC +4)
You cannot fit into any form of body armour.
You are cold-blooded and may be slowed by cold attacks.


Message History

A rat comes into view.
You barely miss the rat. The rat bites you but does no damage.
The rat closely misses you.
You hit the rat.
You kill the rat!
You see here a rat corpse.
You now have 7 gold pieces.
You now have 16 gold pieces (gained 9).
Found a scroll labelled OZIARI VAUHIC.
b - a scroll labelled ROC TISTAUPO HP restored.
c - a scroll labelled OZIARI VAUHIC
d - 2 purple potions A kobold comes into view.
It is wielding a +0 short sword.
The kobold shouts!
A kobold comes into view. It is wielding a +0 short sword.
Found a stone staircase leading down.
A rat comes into view.
You closely miss the kobold. The kobold closely misses you.
The kobold hits you but does no damage.
You closely miss the kobold. You tail-slap the kobold.
The kobold is moderately wounded.
The kobold barely misses you.
You completely miss the kobold.
The kobold is moderately wounded.
The kobold hits you with a +0 short sword.
The kobold closely misses you.
You closely miss the kobold.
The kobold is moderately wounded.
The kobold hits you with a +0 short sword. x2
* * * LOW HITPOINT WARNING * * *
The kobold misses you. The rat misses you.
Aiming: Magic Dart (safe; 3% risk of failure)
Press: ? - help, Q - select action Shift-Dir - straight line, f - rat
Aim: a rat (0% to evade)
The magic dart hits the rat.
You kill the rat!
The kobold hits you with a +0 short sword.
You die...

. #.## .#.
##.# ...###
#..# ..#...#
#.## .......##
#.#
........###.#
.>.......#..#
......K.K#.###
.......#†@...#
..#....###.#.#
####. ...#..#
#.....##.#
#.###.. .# #..
### .# #.# . .


You could see 2 kobolds.

Vanquished Creatures
  A giant cockroach (D:1)
  A kobold (D:1)
  A goblin (D:1)
  3 rats (D:1)
6 creatures vanquished.

Notes
Turn   | Place    | Note
-------+----------+-------------------------------------------
     0 | D:1      | jestyr24 the Draconian Conjurer began the quest for the
                  | Orb.
     0 | D:1      | Reached XP level 1. HP: 14/14 MP: 3/3
   180 | D:1      | Slain by a kobold

Illustrated notes

Levels and vault maps discovered:
D:1:      saegor_arrival_simple_d, layout_rooms, kennysheep_decorative_pillar

Action                   || total
-------------------------++-------
Melee: Mace              ||     9
       Unarmed           ||     1
       Tailslap          ||     1
 Cast: Magic Dart        ||     4
 Stab: Sleeping          ||     1
Armor: Skin              ||     5
Dodge: Dodged            ||     6

Table legend: (Time is in decaauts)
 A = Elapsed time spent in this place.
 B = Non-inter-level travel time spent in this place.
 C = Inter-level travel time spent in this place.
 D = Time resting spent in this place.
 E = Time spent auto-exploring this place.
 F = Levels seen in this place.
 G = Mean time per level.
                   A        B        C        D        E       F      G
               +--------+--------+--------+--------+--------+-----+--------+
         Total |    184 |    184 |      0 |      6 |    105 |   1 |  184.0 |
       Dungeon |    184 |    184 |      0 |      6 |    105 |   1 |  184.0 |
               +--------+--------+--------+--------+--------+-----+--------+

Top non-repeatable levels by time:
     D:1: 184 daAuts
